 Dungeon Crawl Stone Soup version 0.21-a0-150-gc243083 (webtiles) character file.

2612 tilp the Arsonist (level 9, -2/62 (63) HPs)
             Began as a Hill Orc Fire Elementalist on July 26, 2017.
             Was a Believer of Okawaru.
             Slain by a hornet zombie (11 damage)
             ... on level 6 of the Dungeon on July 28, 2017.
             The game lasted 00:36:48 (9543 turns).

tilp the Arsonist (Hill Orc Fire Elementalist)      Turns: 9543, Time: 00:36:50

HP:   -2/62 (63)    AC:  9    Str: 11    XL:     9   Next: 60%
MP:   1/10          EV: 12    Int: 16    God:    Okawaru [**....]
Gold: 204           SH:  0    Dex: 11    Spells: 1/12 levels left

rFire    . . .     SeeInvis .   D - +4 battleaxe (curse)
rCold    . . .     Gourm    .   (shield currently unavailable)
rNeg     . . .     Faith    .   m - +1 robe {Archmagi}
rPois    .         Spirit   .   f - +0 helmet
rElec    .         Reflect  .   s - +2 cloak {+Inv}
rCorr    +         Harm     .   r - +1 pair of gloves
MR       .....                  (no boots)
Stlth    ++........             (no amulet)
HPRegen  0.00/turn              j - ring of resist corrosion
MPRegen  0.12/turn              (no ring)

@: very slightly contaminated
A: dopey 1, frail 1, low mp 1, inhibited regeneration
a: Heroism, Renounce Religion, Evoke Invisibility


You were on level 6 of the Dungeon.
You worshipped Okawaru.
Okawaru was pleased with you.
You were not hungry.

You visited 2 branches of the dungeon, and saw 7 of its levels.

You collected 279 gold pieces.
You spent 75 gold pieces at shops.

Inventory:

Hand Weapons
 d - a +0 hand axe
 i - a +5 trident
 k - a +0 dagger of draining
 D - a cursed +4 battleaxe (weapon)
 E - a +3 hand axe
 G - a +2 dire flail of venom
Missiles
 C - 3 poisoned javelins (quivered)
Armour
 f - a +0 helmet (worn)
 m - a +1 robe of the Archmagi (worn)
 r - a +1 pair of gloves (worn)
 s - a +2 cloak of invisibility (worn)
 y - a +0 buckler
Jewellery
 j - a ring of resist corrosion (left hand)
Wands
 h - a wand of iceblast (11/15)
 v - a wand of iceblast (1/15)
Scrolls
 g - 3 scrolls of teleportation
 n - a scroll of recharging {unknown}
 t - a scroll of vulnerability {unknown}
 u - a scroll of enchant weapon {unknown}
 x - a scroll of brand weapon {unknown}
 B - 3 scrolls of remove curse
Potions
 e - a potion of might {unknown}
 l - 2 potions of flight {unknown}
 o - 2 potions of agility {unknown}
 p - a potion of brilliance {unknown}
 q - a potion of degeneration {unknown}
 z - a potion of haste {unknown}
 A - a potion of heal wounds
Books
 b - a book of Flames

   Spells                             Type                      Level
   a - Flame Tongue                   Conjuration/Fire             1
   b - Throw Flame                    Conjuration/Fire             2
   c - Conjure Flame                  Conjuration/Fire             3
   d - Inner Flame                    Hexes/Fire                   3
   e - Sticky Flame                   Conjuration/Fire             4
   f - Fireball                       Conjuration/Fire             5
 w - a book of Cantrips

   Spells                             Type                      Level
   a - Confusing Touch                Hexes                        1
   b - Animate Skeleton               Necromancy                   1
   c - Summon Small Mammal            Summoning                    1
   d - Apportation                    Translocation                1
Comestibles
 a - 4 fruits
 c - a bread ration


   Skills:
 + Level 3.4 Fighting
 + Level 2.7 Dodging
 - Level 1.5 Stealth
 - Level 2.0 Spellcasting
 * Level 8.2 Conjurations
 + Level 10.0 Fire Magic


You had one spell level left.
You knew the following spells:

 Your Spells              Type           Power        Failure   Level  Hunger
a - Flame Tongue          Conj/Fire      #####        1%          1    #......
b - Throw Flame           Conj/Fire      #####.       1%          2    ###....
c - Conjure Flame         Conj/Fire      #####...     1%          3    ###....
d - Sticky Flame          Conj/Fire      #####...     4%          4    #####..
e - Animate Skeleton      Necr           N/A          21%         1    #......


Dungeon Overview and Level Annotations

Branches:
Dungeon (6/15)             Temple (1/1) D:4

Altars:
Ashenzari
Cheibriados
Dithmenos
Elyvilon
Fedhas
Gozag
Hepliaklqana
Kikubaaqudgha
Makhleb
Nemelex Xobeh
Okawaru
Qazlal
Ru
Sif Muna
Uskayaw
Vehumet
Xom
Yredelemnul
Zin
The Shining One

Shops:
D:5 }

Annotations:
D:4 Lunath's ghost, amateur MiFi


Innate Abilities, Weirdness & Mutations

You are dopey. (Int -2)
You are frail. (-10% HP)
Your magical capacity is low. (-10% MP)
You do not regenerate when monsters are visible.


Message History

The hornet zombie burns!
The adder zombie bites the bush.
The hornet zombie burns!
The hornet zombie burns!
Something bites the bush but does no damage.
The hornet zombie hits you but does no damage.
The hornet zombie burns!
The hornet zombie stops burning.
Something bites the bush but does no damage.
Something bites the bush but does no damage.
Casting: Sticky Flame
Confirm with . or Enter, or press ? or * to list all spells.
Aiming: Flame Tongue
Press: ? - help, Shift-Dir - straight line, f/p - hornet zombie
Aim: a hornet zombie (almost destroyed)
You feel a surge of power!
You miscast Flame Tongue.
You are very lightly contaminated with residual magic.
Nothing appears to happen.
The hornet zombie hits you but does no damage.
Something bites the bush but does no damage.
The hornet zombie hits you!
You die...

##.##.# #.# #......# ##...##
#.....# #.# #.#.##.###.....##
#...### #.# #...##.##.......##
##.)Z###########.#.##.#.........#
.......##......#......'..........
##...###.......#......#Z.........
##..# #..PP...###.#####......(#)
##.# #..PPP####P.# ##.....##) #.#
#.P._..ZZ@..# ##...###) #.#
#.PPPP####P## ##'## #. #.#
#..PP... ###########.# #. #.#
#.......##...Z.....#># #< ####.#
##......##.#######.#.## #. .....#
#########.#######....###. ######
#................##
###.###..##.......(
#.###.>##...##.##


You could see a quokka zombie and a hornet zombie.

Vanquished Creatures
  Duvessa (D:4)
  A sky beast (D:6)
  2 orc warriors (D:6)
  An ice beast (D:5)
  A phantom (D:6)
  4 necrophages
  A centaur (D:6)
  An ogre (D:4)
  A big kobold (D:5)
  Blork the orc (D:4)
  A gnoll sergeant (D:5)
  A bullfrog (D:6)
  Dowan (D:4)
  4 wights (D:5)
  A howler monkey (D:6)
  A crimson imp (D:6)
  A centaur skeleton (D:6)
  Crazy Yiuf (D:4)
  2 orc priests
  4 hounds
  4 orc wizards
  3 bullfrog skeletons
  8 worker ants
  A hound zombie (D:5)
  2 howler monkey zombies
  10 gnolls
  9 adders
  2 shadow imps (D:5)
  4 oozes
  2 worms
  2 dart slugs (D:1)
  6 leopard geckos
  15 orcs
  A ball python (D:3)
  5 giant cockroaches
  5 goblins
  8 hobgoblins
  10 jackals
  12 kobolds
  2 quokkas
  6 bats
  11 frilled lizards
  7 rats
  A bush (D:6)
  A plant (D:6)
168 creatures vanquished.

Vanquished Creatures (others)
  4 plants (D:6)
4 creatures vanquished.

Grand Total: 172 creatures vanquished

Notes
Turn   | Place    | Note
-------+----------+-------------------------------------------
     0 | D:1      | tilp the Hill Orc Fire Elementalist began the quest for the Orb.
     0 | D:1      | Reached XP level 1. HP: 14/14 MP: 3/3
   115 | D:1      | Reached XP level 2. HP: 15/20 MP: 3/5
   955 | D:1      | Reached XP level 3. HP: 23/26 MP: 4/6
  1372 | D:1      | Learned a level 2 spell: Throw Flame
  1376 | D:1      | Learned a level 3 spell: Conjure Flame
  1756 | D:2      | Reached XP level 4. HP: 24/33 MP: 7/7
  2590 | D:3      | Found an opulent altar of Gozag.
  2620 | D:3      | Reached skill level 4 in Fire Magic
  2837 | D:2      | Reached XP level 5. HP: 38/38 MP: 0/8
  3480 | D:3      | Found a glowing silver altar of Zin.
  3481 | D:3      | Noticed an angel
  3481 | D:3      | Found a shimmering altar of Xom.
  3904 | D:3      | Reached skill level 5 in Fire Magic
  3904 | D:3      | Reached XP level 6. HP: 44/45 MP: 4/9
  3955 | D:3      | Found a burning altar of Makhleb.
  4159 | D:4      | Found a runed door.
  4403 | D:4      | Noticed Lunath's ghost (amateur MiFi)
  4485 | D:4      | Noticed Blork the orc
  4632 | D:4      | Reached skill level 5 in Conjurations
  4786 | D:4      | Found a staircase to the Ecumenical Temple.
  4794 | Temple   | Entered the Ecumenical Temple
  4867 | Temple   | Became a worshipper of Warmaster Okawaru
  5210 | D:4      | Reached skill level 6 in Fire Magic
  5210 | D:4      | Reached XP level 7. HP: 50/50 MP: 1/10
  5216 | D:4      | Learned a level 4 spell: Sticky Flame
  5786 | D:4      | Noticed Dowan
  5795 | D:4      | Noticed Duvessa
  6093 | D:4      | Killed Blork the orc
  6192 | D:4      | Killed Duvessa
  6192 | D:4      | Reached skill level 7 in Fire Magic
  6276 | D:4      | Killed Dowan
  6276 | D:4      | Reached XP level 8. HP: 57/57 MP: 2/11
  6416 | D:4      | Noticed Crazy Yiuf
  6420 | D:4      | Killed Crazy Yiuf
  6530 | D:5      | Entered Level 5 of the Dungeon
  6565 | D:5      | Learned a level 1 spell: Animate Skeleton
  6731 | D:5      | Reached * piety under Okawaru
  6747 | D:5      | Reached skill level 8 in Fire Magic
  6752 | D:5      | Found a shadowy altar of Dithmenos.
  6962 | D:5      | Found a glowing golden altar of the Shining One.
  6982 | D:5      | Found a hazy altar of Hepliaklqana.
  6995 | D:5      | Found Qeeni's Gadget Boutique.
  7003 | D:5      | Bought a wand of iceblast (1/15) for 75 gold pieces
  7522 | D:5      | Reached skill level 9 in Fire Magic
  8205 | D:6      | Reached XP level 9. HP: 63/63 MP: 1/12
  8383 | D:6      | Reached ** piety under Okawaru
  8383 | D:6      | Reached skill level 1 in Fighting
  8594 | D:6      | Found a blossoming altar of Fedhas.
  8755 | D:6      | Gained mutation: You are frail. (-10% HP) [mutagenic meat]
  8756 | D:6      | Gained mutation: You do not regenerate when monsters are visible. [mutagenic meat]
  8757 | D:6      | Gained mutation: You are dopey. (Int -2) [mutagenic meat]
  8758 | D:6      | Gained mutation: Your magical capacity is low. (-10% MP) [mutagenic meat]
  9517 | D:6      | Reached skill level 10 in Fire Magic
  9543 | D:6      | Slain by a hornet zombie

Vault maps used:
D:1:      lightli_arrival_noodles, minmay_tetromino_i2
D:2:      first_bread
D:3:      makhleb_blood_cavern_becter, grunt_gozag_breadcrumbs,
          grunt_temple_overflow_order_and_chaos_1
D:4:      minmay_temple_entry_purple_smoke, uniq_crazy_yiuf_cottage,
          uniq_blork_the_orc, uniq_duvessa
D:5:      nicolae_overflow_crystal_walls, overflow_temple_1_default,
          nicolae_dithmenos_shadow_blocks, serial_shops, shop
D:6:      eino_tiny_chamber, fedhas_altar_decomposition
Temple:   oiseaux_autumnal_temple

Skill      XL: |  1  2  3  4  5  6  7  8  9 |
---------------+----------------------------+-----
Spellcasting   | 2 |  2.0
Conjurations   | 2 3 4 5 7 8 |  8.2
Fire Magic     | 4 5 6 7 9 10 | 10.0
Fighting       | 3 |  3.4
Dodging        | 2 |  2.7
Stealth        | |  1.5

Action                   |  1- 3 |  4- 6 |  7- 9 || total
-------------------------+-------+-------+-------++-------
Melee: Hand axe          |    85 |   151 |    82 ||   318
       Battleaxe         |       |       |    93 ||    93
Throw: Stone             |       |    22 |     3 ||    25
       Javelin           |       |       |    13 ||    13
 Cast: Flame Tongue      |    22 |    97 |   119 ||   238
       Conjure Flame     |     2 |    16 |    16 ||    34
       Throw Flame       |       |     1 |     3 ||     4
       Sticky Flame      |       |       |    15 ||    15
       Animate Skeleton  |       |       |    11 ||    11
  Use: Scroll            |     4 |     2 |     2 ||     8
       Potion            |       |       |     2 ||     2
 Stab: Sleeping          |     1 |     2 |     1 ||     4
  Eat: Chunk             |     3 |    12 |    10 ||    25
       Meat ration       |       |     1 |       ||     1
       Bread ration      |       |       |     4 ||     4
       Fruit             |       |       |     2 ||     2
Armor: Robe              |    25 |    50 |    79 ||   154
       Leather armour    |       |    25 |       ||    25
Dodge: Dodged            |    66 |   123 |   161 ||   350
Block: Buckler           |       |       |    10 ||    10
